 Dungeon Crawl Stone Soup version 0.29-a0-234-g0dae59b3db (webtiles) character file.

Game seed: 88560149709123550

240 jfcaron the Skirmisher (level 5, -1/42 HPs)
             Began as a Demonspawn Fighter on Mar 3, 2022.
             Slain by a gnoll
             ... wielding a +0 spear
              (7 damage)
             ... on level 3 of the Dungeon.
             The game lasted 00:03:25 (2736 turns).

jfcaron the Skirmisher (Demonspawn Fighter)         Turns: 2736, Time: 00:03:25

Health: -1/42      AC: 12    Str: 19    XL:     5   Next: 80%
Magic:  5/5        EV:  5    Int:  9    God:
Gold:   132        SH:  4    Dex: 12    Spells: 4/4 levels left

rFire   . . .      SeeInvis .   a - +0 war axe
rCold   . . .      Faith    .   c - +0 buckler
rNeg    . . .      Spirit   .   q - +0 plate armour
rPois   .          Reflect  .   (no helmet)
rElec   .          Harm     .   (no cloak)
rCorr   .          Rampage  .   (no gloves)
Will    .....                   p - +0 pair of boots
Stlth   ..........              (no amulet)
HPRegen 0.14/turn               (no ring)
MPRegen 0.09/turn               (no ring)

@: no status effects
A: demonic magic 1
a: no special abilities


You were on level 3 of the Dungeon.
You visited 1 branch of the dungeon, and saw 3 of its levels.

You collected 132 gold pieces.

Inventory:

Hand Weapons
 a - a +0 war axe (weapon)
Missiles
 n - 123 stones
Armour
 b - a +0 scale mail
 c - a +0 buckler (worn)
 p - a +0 pair of boots (worn)
 q - a +0 plate armour (worn)
Wands
 o - a wand of charming (3)
Scrolls
 h - a scroll of identify {unknown}
 i - 2 scrolls of teleportation {unknown}
 k - a scroll of vulnerability {unknown}
 l - a scroll of immolation {unknown}
 m - 2 scrolls of fear {unknown}
 r - a scroll of blinking {unknown}
 u - a scroll of enchant armour {unknown}
Potions
 d - 2 potions of might
 e - a potion of lignification {unknown}
 f - a potion of haste {unknown}
 g - a potion of ambrosia {unknown}
 j - a potion of invisibility {unknown}
 s - a potion of heal wounds {unknown}
 t - a potion of attraction {unknown}
 v - a potion of brilliance {unknown}


   Skills:
 + Level 4.1 Fighting
 + Level 3.1 Axes
 + Level 3.8 Armour
 + Level 3.7 Shields


You had 4 spell levels left.
You didn't know any spells.
Your spell library contained the following spells:

 Spells                   Type           Power      Damage    Failure   Level
 Beastly Appendage        Tmut           0%         N/A       100%        1
 Wereblood                Tmut           0%         N/A       100%        2
 Spider Form              Tmut/Pois      0%         N/A       100%        3


Dungeon Overview and Level Annotations

Branches:
Dungeon (3/15)

Altars:


Innate Abilities, Weirdness & Mutations

Spells you cast may paralyse adjacent enemies.


Message History

You barely miss the goblin.
The goblin is moderately wounded.
The goblin hits you but does no damage. The gnoll barely misses you.
You slash the goblin!
You kill the goblin!
The gnoll hits you from afar with a +0 spear.
You barely miss the orc. The gnoll hits you but does no damage.
The orc hits you with a +0 short sword.
* * * LOW HITPOINT WARNING * * *
The gnoll barely misses you. The orc hits you but does no damage.
You barely miss the orc. The gnoll hits you but does no damage.
The orc barely misses you.
You hit the orc.
The orc is lightly wounded.
The gnoll barely misses you. The orc hits you but does no damage.
You hit the orc.
The orc is moderately wounded.
The gnoll hits you but does no damage. You block the orc's attack.
The gnoll hits you but does no damage. You block the orc's attack.
You slash the orc!
You kill the orc!
The gnoll hits you but does no damage. The gnoll hits you but does no damage.
There is an open door, spattered with blood here.
Items here: ! $ ( )))))) ? [[[ ††.
You are too injured to fight recklessly!
You barely miss the gnoll. The gnoll barely misses you.
The gnoll hits you but does no damage.
You hit the gnoll.
The gnoll is moderately wounded.
The gnoll hits you with a +0 spear.
* * * LOW HITPOINT WARNING * * *
You hit the gnoll.
The gnoll is severely wounded.
The gnoll hits you with a +0 spear!
* * * LOW HITPOINT WARNING * * *
You hit the gnoll.
The gnoll is almost dead.
The gnoll hits you but does no damage. The gnoll hits you with a +0 spear!
You die...

#..............
#.############# #.# #.#
#.# ######### ####.#
#.......[ #....#
###.###.... #.##.#
#.......... #@####
###.###.###
#.....g.......#.^###.# #
#.............#......# #
#.............##########
#......8......#........#
#....♣♣.♣♣....########..
#.... ... ....# ##.#
#...8 .8. 8...# ##..#
######....


You could see a gnoll.

Vanquished Creatures
  A bullfrog (D:3)
  2 orc wizards (D:3)
  3 gnolls (D:3)
  An adder (D:3)
  4 dart slugs
  9 orcs (D:3)
  6 ball pythons
  6 bats
  8 endoplasms
  4 giant cockroaches
  8 goblins
  8 hobgoblins
  A quokka (D:1)
  2 frilled lizards (D:2)
  A kobold (D:3)
  7 rats
71 creatures vanquished.

Notes
Turn   | Place    | Note
-------+----------+-------------------------------------------
     0 | D:1      | jfcaron the Demonspawn Fighter began the quest for the Orb.
     0 | D:1      | Reached XP level 1. HP: 18/18 MP: 1/1
   204 | D:1      | Gained mutation: Spells you cast may paralyse adjacent
                  | enemies. [demonic ancestry]
   204 | D:1      | Reached XP level 2. HP: 24/24 MP: 2/2
   571 | D:1      | Reached XP level 3. HP: 29/29 MP: 3/3
   704 | D:1      | Found a faded altar of an unknown god.
  1863 | D:3      | Noticed a bullfrog
  1869 | D:3      | Killed a bullfrog
  1870 | D:3      | Reached XP level 4. HP: 24/37 MP: 4/4
  1874 | D:3      | Reached XP level 5. HP: 26/42 MP: 5/5
  2237 | D:3      | Reached skill level 4 in Fighting
  2735 | D:3      | HP: 5/42 [gnoll/+0 spear (7)]
  2736 | D:3      | Slain by a gnoll

Illustrated notes

Levels and vault maps discovered:
D:1:      amcnicky_arrival_gap_in_the_tavern_cellar, layout_rooms,
          hellmonk_ecumenical_altar_crossroads, chequers_serial_rivers_micro_e,
          nrook_mini_backslash
D:2:      layout_basic
D:3:      layout_loops_ring, kennysheep_generic_room_2

Skill      XL: |  1  2  3  4  5 |
---------------+----------------+-----
Axes           | 2 3 |  3.1
Armour         | 3 |  3.8
Shields        | 3 |  3.7
Fighting       | 4 |  4.1

Action                   |  1- 3 |  4- 6 || total
-------------------------+-------+-------++-------
Melee: War axe           |   113 |    97 ||   210
Throw: Stone             |     2 |       ||     2
Armor: Scale mail        |    45 |       ||    45
       Plate armour      |     2 |    62 ||    64
Dodge: Dodged            |    53 |    29 ||    82
Block: Buckler           |    22 |    26 ||    48

Table legend: (Time is in decaauts)
 A = Elapsed time spent in this place.
 B = Non-inter-level travel time spent in this place.
 C = Inter-level travel time spent in this place.
 D = Time resting spent in this place.
 E = Time spent auto-exploring this place.
 F = Levels seen in this place.
 G = Mean time per level.
                   A        B        C        D        E       F      G
               +--------+--------+--------+--------+--------+-----+--------+
         Total |   2826 |   2690 |    136 |    406 |   1776 |   3 |  942.0 |
       Dungeon |   2826 |   2690 |    136 |    406 |   1776 |   3 |  942.0 |
               +--------+--------+--------+--------+--------+-----+--------+

Top non-repeatable levels by time:
     D:2: 1287 daAuts
     D:1: 897 daAuts
     D:3: 641 daAuts
